 Dungeon Sprint DCSS version 0.19.1 (webtiles) character file.

429 equalderp2856 the Gouger (level 6, -17/33 HPs)
             Began as a Felid Fighter on Dec 5, 2016.
             Was an Initiate of Gozag.
             Shot with an arrow by a centaur warrior (23 damage)
             ... in the Dungeon (Sprint I: "Red Sonja").
             The game lasted 00:01:58 (581 turns).

equalderp2856 the Gouger (Felid Fighter)             Turns: 581, Time: 00:01:58

Health: -17/33     AC:  2    Str: 13    XL:     6   Next: 66%
Magic:  7/7        EV: 25    Int:  9    God:    Gozag
Gold:   650        SH:  0    Dex: 17    Spells: 0 memorised, 5 levels left
                                        Lives:  0   Deaths: 2

rFire  . . .     SeeInvis +       - Unarmed
rCold  . . .     Gourm    .     (armour unavailable)
rNeg   . . .     Faith    .     (shield unavailable)
rPois  .         Spirit   .     (helmet unavailable)
rElec  .         Reflect  .     (cloak unavailable)
rCorr  .         Harm     .     (gloves unavailable)
MR     .....     NoTele   +     (boots unavailable)
Stlth  ++++++....               (no amulet)
                                (no ring)
                                (no ring)

@: quick
A: no armour, no weapons or thrown items, stealth, claws 1, fangs 3, see
invisible, carnivore 3, speed 1, shaggy fur 2, slow metabolism 1, sharp paws
a: Potion Petition, Call Merchant, Bribe Branch, Renounce Religion


You were in the Dungeon.
You worshipped Gozag.
Gozag was pleased with you.
You were not hungry.

You visited 1 branch You collected 650 gold pieces.

Inventory:

Scrolls
 h - a scroll of blinking
 i - a scroll of identify {unknown}
Potions
 a - a potion of might
 e - a potion of haste
 f - 2 potions of magic
 g - a potion of berserk rage
Comestibles
 b - a meat ration


   Skills:
 + Level 7.2 Fighting
 + Level 9.6 Dodging
 * Level 12.4 Stealth
 + Level 12.7 Unarmed Combat


You had 5 spell levels left.
You didn't know any spells.

Dungeon Overview and Level Annotations

Branches:
Dungeon (1/1)

Altars:
Cheibriados
Dithmenos
Elyvilon
Fedhas
Gozag
Hepliaklqana
Kikubaaqudgha
Makhleb
Nemelex Xobeh
Okawaru
Qazlal
Ru
Sif Muna
Trog
Uskayaw
Vehumet
Xom
Yredelemnul
Zin
The Shining One
Jiyva
Lugonu

Shops:
D ?[[

Annotations:
D Sonja


Innate Abilities, Weirdness & Mutations

You cannot wear armour.
You are incapable of wielding weapons or throwing items.
Your paws allow you to move quietly. (Stealth)
You have sharp claws.
You have razor-sharp teeth.
You have supernaturally acute eyesight. (SInv)
You are carnivorous and can eat meat at any time.
You cover ground quickly.
You are covered in thick fur. (AC +2)
You have a slow metabolism.
Your sharp claws are effective at attacking unaware monsters.


Message History

You see here an arrow.
There is an open door here.
You close the door.
You start resting.
Something unseen opens the door.
A centaur warrior opens the door.
The centaur warrior unwields an uncursed longbow.
The centaur warrior hits you.
* * * LOW HITPOINT WARNING * * *
There is an open door, spattered with blood here.
You scratch the centaur warrior.
The centaur warrior is lightly wounded.
The centaur warrior barely misses you.
You claw the centaur warrior!
The centaur warrior is moderately wounded.
The centaur warrior barely misses you.
The centaur warrior wields an uncursed shortbow.
The centaur warrior shoots an arrow.
The arrow hits you!!
Ouch! That really hurt!
You die...
Your body crumbles into a pile of gold.

#<.#..').#.)'..#__#$$
#..').#..'..#..'^.+$$
#..#####'#####'#__####
#..####..#...#[####§)#
#..#__####..##§#§§§§§#$$
#..#_____##'#§§'§§§§§+
#⌠⌠#_.∩...'..c§#≈c§c§#$$
####_..__##_.#'##(####
$$#_____###@#.#(())### $
############c####'###)##
$
#∩........'...'.(.(c$.∩#
###++''####...##########
$ #.GG... ##.## #......
$#+#$ $ #..#..G $ $ $ #G
.... $ $ # .G..#


You could see 2 centaur warriors.

Vanquished Creatures
  A deep troll (D)
  A slime creature (D)
  Sigmund (D)
  A yak (D)
  An ogre (D)
  A jelly (D)
  Ijyb (D)
7 creatures vanquished.

Notes
Turn   | Place    | Note
-------+----------+-------------------------------------------
     0 | D        | equalderp2856 the Felid Fighter began the quest for the Orb.
     0 | D        | Reached XP level 1. HP: 10/10 MP: 2/2
     2 | D        | Noticed Ijyb
    25 | D        | Killed Ijyb
    25 | D        | Reached skill level 5 in Dodging
    25 | D        | Reached skill level 5 in Unarmed Combat
    25 | D        | Reached XP level 2. HP: 7/15 MP: 3/3
   186 | D        | Noticed an ogre
   194 | D        | Killed an ogre
   194 | D        | Reached skill level 5 in Stealth
   194 | D        | Reached XP level 3. HP: 18/18 MP: 4/4
   194 | D        | Reached XP level 4. HP: 22/22 MP: 5/5
   297 | D        | Noticed Sigmund
   300 | D        | Killed Sigmund
   300 | D        | Reached skill level 5 in Fighting
   300 | D        | Reached XP level 5. HP: 26/26 MP: 6/6
   314 | D        | Found a deep blue altar of Sif Muna.
   316 | D        | Found a radiant altar of Vehumet.
   320 | D        | Reached skill level 10 in Unarmed Combat
   320 | D        | Gained mutation: You are covered in thick fur. (AC +2) [Felid growth]
   320 | D        | Reached XP level 6. HP: 31/31 MP: 7/7
   328 | D        | Found a burning altar of Makhleb.
   328 | D        | Found a viscous altar of Jiyva.
   328 | D        | Found a shimmering altar of Xom.
   328 | D        | Found a corrupted altar of Lugonu.
   328 | D        | Noticed a slime creature
   331 | D        | Killed a slime creature
   437 | D        | Found Ocajamp's Armour Emporium.
   437 | D        | Found an ancient bone altar of Kikubaaqudgha.
   437 | D        | Found a hazy altar of Hepliaklqana.
   437 | D        | Found a stormy altar of Qazlal.
   437 | D        | Found a hide-covered altar of Uskayaw.
   437 | D        | Found a blossoming altar of Fedhas.
   437 | D        | Found a bloodstained altar of Trog.
   437 | D        | Found an iron altar of Okawaru.
   437 | D        | Found a basalt altar of Yredelemnul.
   437 | D        | Found a glowing golden altar of the Shining One.
   437 | D        | Found a snail-covered altar of Cheibriados.
   437 | D        | Found a sacrificial altar of Ru.
   437 | D        | Found a glowing silver altar of Zin.
   437 | D        | Found a shadowy altar of Dithmenos.
   437 | D        | Found a white marble altar of Elyvilon.
   437 | D        | Noticed a yak
   438 | D        | Found an opulent altar of Gozag.
   439 | D        | Killed a yak
   439 | D        | Reached skill level 10 in Stealth
   439 | D        | Reached XP level 7. HP: 35/35 MP: 8/8
   440 | D        | Found a sparkling altar of Nemelex Xobeh.
   447 | D        | Became a worshipper of Gozag Ym Sagoz the Greedy
   481 | D        | Noticed Sonja
   490 | D        | Slain by Sonja
   491 | D        | Reached XP level 6. HP: -2/31 MP: 7/7
   507 | D        | Noticed a floating eye
   509 | D        | Found Gesytag's Magic Scroll Boutique.
   509 | D        | Noticed a shining eye
   509 | D        | Noticed a shining eye
   510 | D        | Noticed a floating eye
   510 | D        | Noticed a floating eye
   510 | D        | Noticed a shining eye
   523 | D        | Noticed a deep troll
   527 | D        | Killed a deep troll
   527 | D        | Reached XP level 7. HP: 36/36 MP: 8/8
   534 | D        | Found Waufoebb's Armour Emporium.
   554 | D        | Noticed a centaur warrior
   554 | D        | Noticed a centaur warrior
   567 | D        | Slain by a centaur warrior
   568 | D        | Reached XP level 6. HP: -4/33 MP: 7/7
   581 | D        | Shot with an arrow by a centaur warrior

Skill      XL: |  1  2  3  4  5  6 |
---------------+-------------------+-----
Dodging        | 5 6 7 9 |  9.6
Stealth        | 3 5 7 12 | 12.4
Unarmed Combat | 5 7 9 10 12 | 12.7
Fighting       | 4 5 7 |  7.2

Action                   |  1- 3 |  4- 6 |  7- 9 || total
-------------------------+-------+-------+-------++-------
Melee: Unarmed           |    29 |     7 |     8 ||    44
       Bite              |     1 |       |     2 ||     3
  Use: Potion            |       |       |     2 ||     2
 Stab: Sleeping          |       |     5 |       ||     5
Armor: Skin              |       |       |     2 ||     2
Dodge: Dodged            |    19 |     2 |    17 ||    38
